 Dungeon Crawl Stone Soup version 0.20-a0-514-g839ffe0 (webtiles) character file.

23 M4edhros the Sneak (level 3, 0/23 HPs)
             Began as an Octopode Artificer on Jan 24, 2017.
             Slain by a quokka (5 damage)
             ... on level 2 of the Dungeon.
             The game lasted 00:00:30 (718 turns).

M4edhros the Sneak (Octopode Artificer)              Turns: 718, Time: 00:00:31

Health: 0/23       AC:  1    Str: 11    XL:     3   Next: 0%
Magic:  14/14      EV: 13    Int: 13    God:
Gold:   93         SH:  0    Dex: 13    Spells: 2/2 levels left

rFire    . . .     SeeInvis .   a - +0 short sword
rCold    . . .     Gourm    .   (no shield)
rNeg     . . .     Faith    .   (helmet restricted)
rPois    .         Spirit   .   (no amulet)
rElec    .         Reflect  .   g - ring of magical power
rCorr    .         Harm     .   (no ring)
MR       .....                  (no ring)
Stlth    ++++......             (no ring)
Regen    0.1/turn               (no ring)
                                (no ring)
                                (no ring)
                                (no ring)

@: no status effects
A: almost no armour, stealthy swim, amphibious, 8 rings, constrict 8, camouflage
1, gelatinous body 1
a: no special abilities


You were on level 2 of the Dungeon.
You were not hungry.

You visited 1 branch of the dungeon, and saw 2 of its levels.

You collected 93 gold pieces.

Inventory:

Hand Weapons
 a - a +0 short sword (weapon)
Jewellery
 g - a ring of magical power (left tentacle)
Wands
 b - a wand of flame (15/48)
 c - a wand of enslavement (15/24)
 d - a wand of random effects (15/48)
Scrolls
 e - a scroll of identify {unknown}
 h - a scroll of teleportation {unknown}
 i - a scroll of magic mapping {unknown}
Potions
 j - a potion of haste {unknown}
Comestibles
 f - 2 bread rations


   Skills:
 - Level 1.0 Fighting
 - Level 1.0 Short Blades
 - Level 2.0 Dodging
 + Level 4.1 Stealth
 - Level 3.2 Evocations


You had 2 spell levels left.
You didn't know any spells.

Dungeon Overview and Level Annotations

Branches:
Dungeon (2/15)

Altars:


Innate Abilities, Weirdness & Mutations

You cannot wear most types of armour.
You are very stealthy in the water. (Stealth+)
You are amphibious.
You can wear up to eight rings at the same time.
You can use your tentacles to constrict eight enemies at once.
Your skin changes colour to match your surroundings (Stealth+).
Your rubbery body absorbs attacks. (AC +1, EV +1)


Message History

You feel agile.
Things that are here:
5 stones; a kobold corpse You are too injured to fight recklessly!
You now have 93 gold pieces (gained 8).
Found an escape hatch in the ceiling.
You are too injured to fight recklessly!
j - a smoky white potion No target in view!
A quokka comes into view.
A giant cockroach comes into view.
There are monsters nearby!
The quokka bites you.
You barely miss the quokka. Your grab misses the quokka.
The quokka bites you. x2
You are too injured to fight recklessly!
You barely miss the quokka. Your grab misses the quokka. The quokka bites you.
* * * LOW HITPOINT WARNING * * *
You are too injured to fight recklessly!
You barely miss the quokka. Your grab misses the quokka. The quokka bites you.
You die...

### ##.. s..
.########..###
.............#
.............
#....r..#
#....@..## . #
#...$....#... #.
#.......%...#
#..#.......#####
###..#.......#
.............#
#####.......#
### ##.######
#..#
###########.#
#..##..


You could see a quokka and a giant cockroach (sleeping).

Vanquished Creatures
  An adder (D:2)
  A giant cockroach (D:1)
  3 goblins
  2 hobgoblins (D:1)
  A frilled lizard (D:1)
  4 kobolds
  3 rats (D:1)
15 creatures vanquished.

Notes
Turn   | Place    | Note
-------+----------+-------------------------------------------
     0 | D:1      | M4edhros the Octopode Artificer began the quest for the Orb.
     0 | D:1      | Reached XP level 1. HP: 13/13 MP: 3/3
   165 | D:1      | Reached skill level 2 in Stealth
   380 | D:1      | Reached XP level 2. HP: 18/18 MP: 4/4
   403 | D:1      | Reached skill level 3 in Stealth
   549 | D:2      | Reached skill level 4 in Stealth
   684 | D:2      | Reached XP level 3. HP: 10/23 MP: 5/5
   718 | D:2      | Slain by a quokka

Vault maps used:
D:1:      dpeg_arrival_water_fire
D:2:      old_standard_altar, first_bread, uniq_crazy_yiuf_cottage

Skill      XL: |  1  2 |
---------------+-------+-----
Stealth        | 2 4 |  4.1
Fighting       | |  1.0
Short Blades   | |  1.0
Dodging        | |  2.0
Evocations     | |  3.2

Action                   || total
-------------------------++-------
Melee: Short sword       ||    35
       Constrict         ||     5
       Tentacles         ||     4
 Stab: Sleeping          ||     4
Armor: Skin              ||     1
Dodge: Dodged            ||    20
